 Dungeon Crawl Stone Soup version 0.23-a0-650-ga4d50d4 (webtiles) character file.

741790 zishaf the Wrestler (level 27, -3/296 HPs)
             Began as a Troll Hunter on Jan 5, 2019.
             Was the Champion of Okawaru.
             Killed from afar by an orb of fire (21 damage)
             ... with a fireball
             ... on level 5 of the Realm of Zot on Jan 6, 2019.
             The game lasted 03:51:45 (65720 turns).

zishaf the Wrestler (Troll Hunter)                 Turns: 65720, Time: 03:51:46

Health: -3/296     AC: 49    Str: 26    XL:     27
Magic:  0/31       EV: 18    Int: 13    God:    Okawaru [******]
Gold:   6478       SH: 32    Dex: 24    Spells: 20/26 levels left

rFire    + . .     SeeInvis .     - Unarmed
rCold    + + .     Gourm    +   e - +8 large shield {reflect}
rNeg     + . .     Faith    .   A - +12 gold dragon scales
rPois    +         Spirit   +   D - +2 hat of Compression {rElec Dex+4}
rElec    +         Reflect  +   j - +0 cloak "Zunluzeu" {MR++ Int+4}
rCorr    .         Harm     .   (gloves unavailable)
MR       ++++.                  (boots unavailable)
Stlth    ..........             U - amulet of guardian spirit
HPRegen  0.99/turn              I - +4 ring of protection
MPRegen  0.22/turn              N - ring "Lebyq" {rC+ rN+ Str-3 Slay+3}

@: heroism, finesse, marked, slowed, very slow
A: large, unfitting armour, claws 3, fangs 1, thin skeletal structure 1, clever
1, fast metabolism 3, gourmand, regeneration 1, screaming 2, shaggy fur 2, tough
skin 2
}: 5/15 runes: barnacled, slimy, silver, abyssal, gossamer
a: Heroism, Finesse, Renounce Religion


You were on level 5 of the Realm of Zot.
You worshipped Okawaru.
Okawaru was exalted by your worship.
You were full.

You visited 10 branches of the dungeon, and saw 54 of its levels.
You visited the Abyss 3 times.
You visited 1 bazaar.
You also visited: Bailey, Ice Cave and Wizlab.

You collected 10126 gold pieces.
You spent 3648 gold pieces at shops.

Inventory:

Hand Weapons
 a - a +7 blowgun
Missiles
 c - 14 javelins of penetration
 B - 12 steel javelins
 K - 145 large rocks (quivered)
 T - 44 curare-tipped needles
 X - 12 silver javelins
Armour
 e - a +8 large shield of reflection (worn)
 j - the +0 cloak "Zunluzeu" (worn) {MR++ Int+4}
   (You found it on level 4 of the Vaults)

   It affects your intelligence (+4).
   It affects your resistance to hostile enchantments.
 A - +12 gold dragon scales (worn)
 D - the +2 hat of Compression (worn) {rElec Dex+4}
   (You found it on level 13 of the Dungeon)

   It affects your dexterity (+4).
   It insulates you from electricity.
Jewellery
 I - a +4 ring of protection (left claw)
 N - the ring "Lebyq" (right claw) {rC+ rN+ Str-3 Slay+3}
   (You took it off a deep elf high priest on level 3 of the Elven Halls)

   [ring of strength]

   It affects your strength (-3).
   It affects your accuracy and damage with ranged weapons and melee attacks
   (+3).
   It protects you from cold.
   It protects you from negative energy.
 U - an amulet of guardian spirit (around neck)
Wands
 x - a wand of acid (9)
 y - a wand of digging (1)
 E - a wand of clouds (3)
 H - a wand of iceblast (18)
Scrolls
 b - a scroll of enchant armour
 h - 14 scrolls of teleportation
 k - 4 scrolls of silence
 m - 4 scrolls of fear
 o - 7 scrolls of magic mapping
 p - 3 scrolls of blinking
 t - 27 scrolls of remove curse
 G - 5 scrolls of summoning
 M - 15 scrolls of identify
 Y - 8 scrolls of holy word
 Z - 4 scrolls of fog
Potions
 i - 5 potions of ambrosia
 l - 3 potions of invisibility
 n - 26 potions of curing
 q - 5 potions of lignification
 u - 3 potions of cancellation
 v - 5 potions of agility
 F - 4 potions of haste
 J - 6 potions of berserk rage
 O - 2 potions of might
 P - 4 potions of flight
 S - 2 potions of resistance
 W - 5 potions of brilliance
Miscellaneous
 d - a phial of floods
 g - 5 sacks of spiders
 z - 3 boxes of beasts
 V - a fan of gales
Comestibles
 f - 87 rations


   Skills:
 + Level 21.0(26.0) Fighting
 + Level 16.6(21.6) Throwing
 + Level 20.0(25.0) Armour
 - Level 15.0(20.0) Dodging
 - Level 0.3(5.3) Stealth
 - Level 15.0(20.0) Shields
 - Level 22.0(27) Unarmed Combat
 - Level 2.4 Transmutations
 - Level 3.0 Earth Magic
 + Level 12.2 Invocations
 - Level 8.0 Evocations


You had 20 spell levels left.
You knew the following spells:

 Your Spells              Type           Power        Failure   Level  Hunger
a - Statue Form           Tmut/Erth      #........    100%        6    #######

Your spell library contained the following spells:

 Spells                   Type           Power        Failure   Level  Hunger
 Sandblast                Erth           #.....       58%         1    ##.....
 Beastly Appendage        Tmut           #.....       67%         1    ##.....
 Passwall                 Tmut/Erth      #.......     77%         2    ###....
 Sticks to Snakes         Tmut           #.......     80%         2    ###....
 Animate Skeleton         Necr           N/A          94%         1    ##.....
 Apportation              Tloc           #.....       94%         1    ##.....
 Confusing Touch          Hex            #.....       94%         1    ##.....
 Corona                   Hex            #......      94%         1    ##.....
 Flame Tongue             Conj/Fire      #....        94%         1    ##.....
 Freeze                   Ice            #...         94%         1    ##.....
 Magic Dart               Conj           #...         94%         1    ##.....
 Shock                    Conj/Air       #...         94%         1    ##.....
 Summon Butterflies       Summ           #.......     94%         1    ##.....
 Summon Small Mammal      Summ           #...         94%         1    ##.....
 Blink                    Tloc           N/A          98%         2    ###....
 Call Imp                 Summ           #.......     98%         2    ###....
 Corpse Rot               Necr           N/A          98%         2    ###....
 Ensorcelled Hibernation  Hex/Ice        #.....       98%         2    ###....
 Poisonous Vapours        Pois/Air       #.....       98%         2    ###....
 Searing Ray              Conj           #.....       98%         2    ###....
 Shroud of Golubria       Chrm/Tloc      #.........   98%         2    ###....
 Slow                     Hex            #.......     98%         2    ###....
 Sublimation of Blood     Necr           #.........   98%         2    ###....
 Throw Flame              Conj/Fire      #.....       98%         2    ###....
 Throw Frost              Conj/Ice       #.....       98%         2    ###....
 Ignite Poison            Fire/Tmut/Pois #.......     99%         3    ####...
 Spider Form              Tmut/Pois      #.........   99%         3    ####...
 Stone Arrow              Conj/Erth      #.....       99%         3    ####...
 Confuse                  Hex            #.......     100%        3    ####...
 Conjure Flame            Conj/Fire      #.......     100%        3    ####...
 Dazzling Spray           Conj/Hex       #.....       100%        3    ####...
 Gell's Gravitas          Tloc           #.........   100%        3    ####...
 Inner Flame              Hex/Fire       #.......     100%        3    ####...
 Lesser Beckoning         Tloc           #.........   100%        3    ####...
 Mephitic Cloud           Conj/Pois/Air  #.......     100%        3    ####...
 Ozocubu's Armour         Chrm/Ice       #.......     100%        3    ####...
 Portal Projectile        Hex/Tloc       #.....       100%        3    ####...
 Recall                   Summ/Tloc      N/A          100%        3    ####...
 Static Discharge         Conj/Air       #.......     100%        3    ####...
 Teleport Other           Tloc           #.......     100%        3    ####...
 Tukima's Dance           Hex            #.......     100%        3    ####...
 Animate Dead             Necr           N/A          100%        4    #####..
 Cause Fear               Hex            #.........   100%        4    #####..
 Force Lance              Conj/Tloc      #.......     100%        4    #####..
 Fulminant Prism          Conj/Hex       #.........   100%        4    #####..
 Ice Form                 Ice/Tmut       #.......     100%        4    #####..
 Iskenderun's Mystic Bla  Conj           #.......     100%        4    #####..
 Leda's Liquefaction      Hex/Erth       #.........   100%        4    #####..
 Passage of Golubria      Tloc           N/A          100%        4    #####..
 Petrify                  Tmut/Erth      #.......     100%        4    #####..
 Sticky Flame             Conj/Fire      #.......     100%        4    #####..
 Summon Ice Beast         Ice/Summ       #.......     100%        4    #####..
 Throw Icicle             Conj/Ice       #.......     100%        4    #####..
 Alistair's Intoxication  Tmut/Pois      #.......     100%        5    ######.
 Aura of Abjuration       Summ           #.........   100%        5    ######.
 Blade Hands              Tmut           #.........   100%        5    ######.
 Bolt of Magma            Conj/Fire/Erth #.........   100%        5    ######.
 Borgnjor's Vile Clutch   Necr/Erth      #.........   100%        5    ######.
 Dispel Undead            Necr           #.......     100%        5    ######.
 Excruciating Wounds      Chrm/Necr      #.........   100%        5    ######.
 Fireball                 Conj/Fire      #.........   100%        5    ######.
 Irradiate                Conj/Tmut      #.........   100%        5    ######.
 Iskenderun's Battlesphe  Conj/Chrm      #.......     100%        5    ######.
 Lee's Rapid Deconstruct  Erth           #.........   100%        5    ######.
 Lightning Bolt           Conj/Air       #.........   100%        5    ######.
 Silence                  Hex/Air        #.........   100%        5    ######.
 Summon Demon             Summ           #.........   100%        5    ######.
 Summon Forest            Summ/Tloc      #.........   100%        5    ######.
 Summon Mana Viper        Hex/Summ       #.......     100%        5    ######.
 Venom Bolt               Conj/Pois      #.........   100%        5    ######.
 Yara's Violent Unravell  Hex/Tmut       #.........   100%        5    ######.
 Bolt of Fire             Conj/Fire      #.........   100%        6    #######
 Darkness                 Hex            #.........   100%        6    #######
 Deflect Missiles         Chrm/Air       #.........   100%        6    #######
 Freezing Cloud           Conj/Ice/Air   #.........   100%        6    #######
 Hydra Form               Tmut           #.........   100%        6    #######
 Invisibility             Hex            #.......     100%        6    #######
 Iron Shot                Conj/Erth      #.........   100%        6    #######
 Poison Arrow             Conj/Pois      #.........   100%        6    #######
 Shadow Creatures         Summ           N/A          100%        6    #######
 Dragon Form              Tmut           #.........   100%        7    #######
 Orb of Destruction       Conj           #.........   100%        7    #######
 Ring of Flames           Chrm/Fire      #.........   100%        7    #######
 Spellforged Servitor     Conj/Summ      #.........   100%        7    #######
 Summon Hydra             Summ           #.........   100%        7    #######
 Chain Lightning          Conj/Air       #.........   100%        8    #######
 Discord                  Hex            #.........   100%        8    #######
 Ignition                 Fire           #.........   100%        8    #######
 Lehudib's Crystal Spear  Conj/Erth      #.........   100%        8    #######
 Dragon's Call            Summ           #.........   100%        9    #######
 Fire Storm               Conj/Fire      #.........   100%        9    #######
 Glaciate                 Conj/Ice       #.........   100%        9    #######
 Shatter                  Erth           #.........   100%        9    #######
 Tornado                  Air            #.........   100%        9    #######


Dungeon Overview and Level Annotations

Branches:
Dungeon (15/15)            Temple (0/1) D:5            Lair (6/6) D:9
 Shoals (4/4) Lair:2       Spider (4/4) Lair:2        Slime (5/5) Lair:5
    Orc (2/2) D:9             Elf (3/3) Orc:2        Vaults (5/5) D:14
  Crypt (0/3) Vaults:3     Depths (5/5) D:15            Zot (5/5) Depths:5

Altars:
Ashenzari
Cheibriados
Elyvilon
Fedhas
Gozag
Kikubaaqudgha
Okawaru
Ru
Trog
Uskayaw
Vehumet
Wu Jian
Xom
Zin
The Shining One
Beogh
Jiyva

Shops:
D:5 [   D:6 (   D:11 *   D:12 ([   Orc:2 =*:[=(   Elf:2 ?   Elf:3 (*[[
Vaults:1 (([   Vaults:3 [   Vaults:5 =[   Depths:3 }(   Depths:4 !

Portals:
Hell: Depths:1 Depths:2 Depths:3 Depths:4 Depths:5
Abyss: Depths:4 Depths:5
Pandemonium: Depths:1 Depths:3 Depths:5
Ziggurat: Depths:1

Annotations:
D:3 exclusion: downstairs


Innate Abilities, Weirdness & Mutations

You are too large for most types of armour.
You have claws for hands.
Your metabolism is lightning-fast.
You like to eat raw meat.
Your natural rate of healing is unusually fast.
You are covered in thick fur. (AC +2)
You have very tough skin. (AC +2)
You have very sharp teeth.
You have a somewhat thin skeletal structure. (Dex +2, Stealth)
Your mind is acute. (Int +2)
You sometimes yell uncontrollably at your foes.


Message History

The Orb Guardian hits you but does no damage.
You block the Orb Guardian's attack. The Orb Guardian hits you.
* * * LOW HITPOINT WARNING * * *
The Orb Guardian closely misses you.
The Orb Guardian hits you but does no damage. x2
The Orb Guardian hits you.
* * * LOW HITPOINT WARNING * * *
The Orb Guardian hits you but does no damage.
An orb of fire comes into view.
The Orb Guardian hits you but does no damage.
You block the Orb Guardian's attack.
The Orb Guardian hits you but does no damage.
Your blink will be uncontrolled - continue anyway?
The Orb prevents control of your translocation!
You blink.
As you read the scroll of blinking, it crumbles to dust.
An orb of fire and a black draconian come into view.
The orb of fire glows yellow.
The fireball explodes!
The fireball engulfs you! You resist.
You die...

#^.(...§...^.^.....^.# #
#.......^.........†..# #
#.......^..^....X)^[.# ##
#...^.^......(.X§X[)(#
.###..........^(..XXX.!.#
..###...........X.XX.†.##
....##............^...##
##..^^...............##
#▓▓▓▓▓#▓▓▓▓▓##.@...▓▓
****,,,^.......)...▓*
***,,,,,,.......*..^..▓*
*,,,,,,,,^...^.........▓*
,,,,,,,,,..*............*
,,,,,,,,,..^....^..^....*
,,,,,,,,,d..^.....?....▓*
,,,,,,,,,.......^.....▓▓
,,,,,,,,,,,,,,,,,,,,,**


You could see 2 orbs of fire, a black draconian and 9 Orb Guardians.

Vanquished Creatures
  the Royal Jelly (Slime:5)
  2 orbs of fire (Zot:5)
  3 ancient liches
  Boris (Depths:4)
  Saint Roka (Depths:4)
  2 curse toes
  3 caustic shrikes (Depths:5)
  Xtahua (Vaults:2)
  3 Killer Klowns (Zot:5)
  Jory (Depths:4)
  11 golden dragons
  A profane servitor (Abyss:4)
  The ghost of Liquidunit the Executioner, an adept MiBe of Trog (Vaults:4)
  7 bone dragons
  4 electric golems
  A hellephant (Abyss:4)
  9 tentacled monstrosities
  A Hell Sentinel (Abyss:1)
  13 Orb Guardians (Zot:5)
  2 titans
  2 deep elf blademasters
  4 quicksilver dragons
  8 liches
  21 acid blobs
  5 death cobs
  2 krakens (Shoals:2)
  26 tentacled starspawn
  Polyphemus (Shoals:3)
  5 sphinxes
  An Executioner (Abyss:4)
  The ghost of
  100101001 the Impaler, an adept GnAr of Ashenzari (Spider:4)
  Agnes (Elf:2)
  Kirke (Shoals:4)
  6 tengu reavers
  Ilsuiw (Shoals:3)
  Donald (Elf:2)
  13 shadow dragons
  A revenant (Abyss:1)
  3 draconian monks
  15 azure jellies
  12 storm dragons
  6 fire giants
  3 draconian knights
  The ghost of ezpacito the Grand Scion, an adept DsGl of Hepliaklqana (Depths:2)
  17 vault wardens
  11 draconian scorchers
  2 draconian shifters
  3 iron dragons
  7 frost giants
  3 balrugs
  11 deep elf sorcerers
  6 ghost moths
  9 emperor scorpions
  A cacodemon (Abyss:2)
  4 angels
  A spriggan defender (Depths:4)
  7 deep elf elementalists
  23 stone giants
  16 ironheart preservers
  15 very ugly things
  A reaper (Abyss:1)
  5 draconian annihilators
  9 draconian stormcallers
  3 war gargoyles
  An entropy weaver (Vaults:5)
  10 green draconians
  4 white draconians
  5 vampire knights
  Nessos (D:15)
  7 black draconians
  3 lorocyprocas
  11 deep elf annihilators
  A dire elephant (D:15)
  11 deep elf demonologists
  6 yellow draconians
  7 red draconians
  10 spark wasps
  5 purple draconians
  20 death oozes
  8 merfolk impalers
  3 merfolk javelineers
  2 blizzard demons
  13 ettins
  5 deep elf death magi
  4 crystal guardians (WizLab)
  12 fire dragons
  A green death (Abyss:2)
  14 great orbs of eyes
  4 deep elf high priests
  Fannar (Orc:1)
  15 yaktaur captains
  31 vault guards
  4 rakshasas
  13 ice dragons
  5 hydras
  A monstrous demonspawn (Depths:1)
  9 centaur warriors
  5 catoblepae
  2 spriggan air magi
  18 ogre magi
  8 merfolk aquamancers
  3 merfolk avatars
  50 two-headed ogres
  An alligator snapping turtle (Shoals:3)
  14 deep troll earth magi
  3 satyrs (Shoals:4)
  6 tengu warriors
  4 hell hogs (Abyss:4)
  2 death knights
  An orc high priest (Orc:2)
  5 spriggan berserkers
  5 vampire magi
  9 death yaks
  33 thrashing horrors
  12 deep troll shamans
  26 dancing weapons
  Urug (Lair:4)
  42 large abominations
  Sonja (Lair:6)
  2 iron golems (WizLab)
  8 hell knights
  23 deep elf knights
  8 iron trolls
  A storm dragon zombie (Vaults:2)
  3 soul eaters
  4 sixfirhies (Abyss:2)
  14 wretched stars
  11 skeletal warriors
  A shadow wraith (Vaults:4)
  A storm dragon skeleton (Vaults:3)
  2 titan skeletons
  12 sea snakes
  3 sun demons
  6 spatial maelstroms
  13 unseen horrors
  2 torturous demonspawn
  33 deep trolls
  An unseen horror (shapeshifter) (Vaults:2)
  5 flayed ghosts
  4 glowing orange brains
  14 deep elf archers
  A shadow demon (Depths:5)
  20 wizards
  A tengu zombie (Vaults:3)
  A lindwurm (shapeshifter) (Depths:3)
  6 phantasmal warriors
  9 necromancers
  10 ironbrand convokers
  A wolf spider zombie (D:15)
  20 harpies
  2 fire giant zombies
  77 deep elf magi
  2 stone giant zombies
  3 draconians (Abyss:4)
  2 shining eyes
  16 orc knights
  39 ugly things
  9 orb spiders
  19 wolf spiders
  10 manticores
  An iron dragon zombie (Depths:1)
  15 orc sorcerers
  A shadow dragon skeleton (Abyss:2)
  10 fauns
  A cyclops (shapeshifter) (Depths:2)
  A toenail golem (Abyss:4)
  A manticore (shapeshifter) (D:13)
  4 worldbinders
  10 cyclopes
  9 merfolk sirens
  18 moths of wrath
  3 frost giant skeletons
  A fire giant skeleton (Vaults:4)
  2 black mambas (shapeshifter)
  2 guardian serpents (Abyss:2)
  2 spriggan zombies (Depths:1)
  4 black mambas
  6 torpor snails
  A stone giant skeleton (Depths:1)
  3 apocalypse crabs
  An elf zombie (Depths:1)
  2 eyes of devastation
  14 smoke demons
  6 elephants (Lair:5)
  4 guardian serpents (shapeshifter)
  3 rust devils
  2 water nymphs (shapeshifter) (Vaults:5)
  An ice statue (IceCv)
  16 vault sentinels
  2 water nymphs
  3 centaur skeletons
  6 orange demons
  A hellion (Abyss:2)
  9 spiny frogs
  6 komodo dragons
  9 gargoyles
  5 efreet
  3 ice devils
  2 rime drakes
  4 kobold demonologists
  8 freezing wraiths
  5 demonic crawlers
  43 yaktaurs
  3 hellwings
  3 tormentors
  26 merfolk
  A meliai (shapeshifter) (Vaults:2)
  24 jumping spiders
  A queen bee (shapeshifter) (Depths:2)
  5 tengu conjurers
  6 wind drakes
  21 polar bears
  13 ancient zymes
  A queen bee (Lair:2)
  10 trolls
  86 slime creatures
  2 wind drakes (shapeshifter)
  11 hornets
  41 raiju
  2 hornets (shapeshifter)
  11 blink frogs
  2 meliai zombies
  The ghost of handsome the Insei, an amateur OpGl of Okawaru (D:4)
  12 dream sheep
  A hippogriff (shapeshifter) (Depths:1)
  10 snapping turtles
  4 flying skulls
  15 hippogriffs
  A fire giant simulacrum (Vaults:1)
  A stone giant simulacrum (Vaults:2)
  3 vampires
  51 redbacks
  2 shadows
  14 tarantellas
  68 yaks
  9 ynoxinuls
  A centaur simulacrum (D:15)
  39 small abominations
  An ice dragon skeleton (Depths:1)
  70 starcursed masses
  5 spriggans
  6 wraiths
  3 wyverns
  Eustachio (D:4)
  25 water elementals
  A yak (shapeshifter) (D:15)
  3 hogs (Shoals:4)
  A fire elemental (Elf:1)
  8 golden eyes
  5 basilisks
  7 chaos spawn
  4 hungry ghosts
  8 vampire mosquitoes
  8 neqoxecs
  An insubstantial wisp (Abyss:2)
  15 wargs
  18 spatial vortices
  A naga (shapeshifter) (D:10)
  2 soldier ants
  2 acid dragons
  16 water moccasins
  A floating eye (shapeshifter) (Vaults:5)
  4 floating eyes
  7 porcupines
  2 human skeletons
  2 black bears (shapeshifter)
  9 sky beasts
  A spiny frog skeleton (Abyss:1)
  43 ogres
  A black bear (D:10)
  14 eyes of draining
  52 orc warriors
  7 ice beasts
  An elf skeleton (Vaults:2)
  15 boggarts
  25 wolves
  15 centaurs
  A centaur (shapeshifter) (Vaults:5)
  15 crocodiles
  4 big kobolds
  24 bullfrogs
  2 wyvern zombies
  9 earth elementals
  An elf simulacrum (Vaults:1)
  9 scorpions
  A killer bee (shapeshifter) (Vaults:2)
  32 killer bees
  7 howler monkeys
  7 wights
  A vampire bat (D:3)
  3 electric eels
  A human simulacrum (Vaults:3)
  A bullfrog zombie (D:12)
  7 quasits
  15 crimson imps
  2 centaur zombies
  11 hounds
  44 orc wizards
  19 orc priests
  4 iron imps
  6 jellies
  3 bullfrog skeletons
  4 iguanas
  11 worker ants
  9 hell rats
  A spriggan simulacrum (Abyss:1)
  A hound zombie (D:3)
  2 hound skeletons
  A howler monkey skeleton (D:7)
  A howler monkey zombie (D:6)
  2 worker ant zombies
  3 river rats (Lair:5)
  12 adders
  2 shadow imps
  8 white imps
  6 ufetubi
  7 oozes
  An adder zombie (D:6)
  An adder skeleton (D:4)
  3 worms
  A dart slug (D:4)
  6 fire bats
  2 leopard geckos (D:4)
  140 orcs
  2 spectral bats (D:3)
  A ball python (D:1)
  3 bat skeletons (D:3)
  A bat zombie (D:3)
  5 giant cockroaches
  A giant cockroach (shapeshifter) (Vaults:5)
  14 goblins
  9 hobgoblins
  19 jackals
  5 quokkas
  14 bats
  A bat simulacrum (D:3)
  4 frilled lizards
  A jackal skeleton (D:6)
  17 kobolds
  A leopard gecko skeleton (D:4)
  A quokka skeleton (D:7)
  A quokka zombie (D:5)
  14 rats
  2 crawling corpses (Depths:1)
  5 lurking horrors
  22 starspawn tentacles
  9 tentacles (Shoals:2)
3045 creatures vanquished.

Vanquished Creatures (collateral kills)
  Dissolution (Slime:4)
  A fire giant (Depths:1)
  A necromancer (Depths:4)
  A draconian (Abyss:4)
  3 slime creatures (Slime:4)
  A fire giant skeleton (Depths:1)
  4 boggarts (Depths:1)
  6 starcursed masses (Abyss:4)
  An orc wizard (Depths:4)
  2 orcs (Depths:4)
21 creatures vanquished.

Vanquished Creatures (others)
  Asterion (Vaults:3)
  A deep elf master archer (Elf:3)
  A draconian knight (Zot:4)
  3 ironheart preservers
  A stone giant (Depths:1)
  2 merfolk javelineers (Shoals:4)
  A merfolk impaler (Shoals:4)
  3 yaktaur captains
  A centaur warrior (D:10)
  A satyr (Shoals:3)
  2 deep elf archers
  2 deep elf magi
  2 cyclopes (Vaults:2)
  A manticore (Shoals:3)
  2 fauns
  A gargoyle (WizLab)
  8 yaktaurs
  A merfolk (Shoals:4)
  A raiju (Abyss:4)
  A golden eye (Abyss:4)
  A human (Shoals:4)
  2 large abominations (Abyss:4)
  An orc warrior (Depths:4)
  A boggart (Vaults:4)
  11 centaurs
  4 small abominations (Abyss:4)
  A centaur skeleton (D:10)
  An orc wizard (Orc:2)
  A white imp (Abyss:2)
  8 orcs
  4 kobolds (D:11)
  36 bushes (D:15)
  5 fungi
  4 lurking horrors
  6 plants
  47 starspawn tentacles
  14 tentacles (Shoals:2)
183 creatures vanquished.

Grand Total: 3249 creatures vanquished

Notes
Turn   | Place    | Note
-------+----------+-------------------------------------------
     0 | D:1      | zishaf the Troll Hunter began the quest for the Orb.
     0 | D:1      | Reached XP level 1. HP: 19/19 MP: 0/0
   207 | D:1      | Reached skill level 1 in Unarmed Combat
   207 | D:1      | Reached XP level 2. HP: 28/28 MP: 1/1
   720 | D:2      | Found a blossoming altar of Fedhas.
   766 | D:2      | Reached XP level 3. HP: 35/35 MP: 2/2
  1034 | D:2      | Reached skill level 2 in Unarmed Combat
  1034 | D:2      | Reached XP level 4. HP: 42/42 MP: 3/3
  1630 | D:3      | Found a bloodstained altar of Trog.
  1927 | D:3      | Reached XP level 5. HP: 29/50 MP: 4/4
  2057 | D:3      | Reached skill level 3 in Unarmed Combat
  2307 | D:3      | Reached XP level 6. HP: 59/59 MP: 5/5
  2431 | D:3      | Found an ornate altar of the Wu Jian Council.
  2509 | D:3      | Found an iron altar of Okawaru.
  2509 | D:3      | Found a radiant altar of Vehumet.
  2513 | D:3      | Became a worshipper of Warmaster Okawaru
  2607 | D:4      | Found a runed door.
  2607 | D:4      | Noticed handsome's ghost (amateur OpGl)
  2910 | D:4      | Reached skill level 4 in Unarmed Combat
  3118 | D:4      | Noticed Eustachio
  3290 | D:4      | Killed Eustachio
  3290 | D:4      | Reached * piety under Okawaru
  3290 | D:4      | Reached XP level 7. HP: 64/67 MP: 6/6
  3394 | D:4      | Killed handsome's ghost
  3394 | D:4      | Reached ** piety under Okawaru
  3394 | D:4      | Reached skill level 5 in Throwing
  3394 | D:4      | Reached skill level 5 in Unarmed Combat
  3472 | D:5      | Entered Level 5 of the Dungeon
  3716 | D:5      | Found a staircase to the Ecumenical Temple.
  3728 | D:5      | Reached XP level 8. HP: 30/78 MP: 7/7
  3837 | D:5      | Reached skill level 6 in Unarmed Combat
  3965 | D:5      | Reached skill level 1 in Invocations
  3967 | D:5      | Reached *** piety under Okawaru
  4384 | D:5      | Found Tozussot's Antique Armour Shop.
  4477 | D:6      | Reached skill level 7 in Unarmed Combat
  4574 | D:6      | Found a glowing silver altar of Zin.
  4749 | D:6      | Reached **** piety under Okawaru
  4786 | D:6      | Reached XP level 9. HP: 61/85 MP: 9/9
  4825 | D:6      | Found Ihafiam's Antique Weapon Shoppe.
  5042 | D:6      | Found a glowing golden altar of the Shining One.
  5353 | D:7      | Reached skill level 8 in Unarmed Combat
  5488 | D:7      | You fall through a shaft for 3 floors!
  5488 | D:10     | Entered Level 10 of the Dungeon
  5500 | D:10     | Reached skill level 5 in Fighting
  5508 | D:10     | Noticed a two-headed ogre
  5557 | D:9      | Found a staircase to the Orcish Mines.
  5563 | D:9      | Reached skill level 5 in Dodging
  5698 | D:10     | Received a gift from Okawaru
  6119 | D:9      | Found a staircase to the Lair.
  6330 | D:10     | Killed a two-headed ogre
  6330 | D:10     | Received a gift from Okawaru
  6330 | D:10     | Reached ***** piety under Okawaru
  6330 | D:10     | Reached skill level 9 in Unarmed Combat
  6330 | D:10     | Reached XP level 10. HP: 97/97 MP: 12/12
  6439 | D:9      | Found a hide-covered altar of Uskayaw.
  6499 | D:9      | Found a sacrificial altar of Ru.
  6639 | D:9      | Found a shattered altar of Ashenzari.
  7138 | D:8      | Received a gift from Okawaru
  7878 | D:8      | Reached skill level 10 in Unarmed Combat
  8030 | D:8      | Noticed a green ugly thing
  8039 | D:8      | Killed a green ugly thing
  8039 | D:8      | Reached skill level 5 in Invocations
  8304 | D:9      | Found a white marble altar of Elyvilon.
  8925 | D:10     | Received a gift from Okawaru
  9051 | Lair:1   | Entered Level 1 of the Lair of Beasts
  9114 | Lair:1   | Noticed a spiny frog
  9118 | Lair:1   | Killed a spiny frog
  9147 | Lair:1   | Reached XP level 11. HP: 97/107 MP: 12/14
  9157 | Lair:1   | Received a gift from Okawaru
  9379 | Lair:1   | Reached skill level 11 in Unarmed Combat
  9385 | Lair:1   | Received a gift from Okawaru
  9496 | Lair:1   | You fall through a shaft!
  9498 | Lair:2   | Noticed an eight-headed hydra
  9508 | Lair:2   | Killed an eight-headed hydra
 10009 | Lair:1   | Found the +8 whip "Snakebite" {curare, rPois}
 10811 | Lair:1   | HP: 4/109 [demonic crawler (3)]
 11021 | Lair:2   | Noticed a five-headed hydra
 11031 | Lair:2   | Killed a five-headed hydra
 11075 | Lair:2   | Reached skill level 12 in Unarmed Combat
 11075 | Lair:2   | Reached XP level 12. HP: 107/118 MP: 14/16
 11078 | Lair:2   | Received a gift from Okawaru
 11112 | Lair:2   | Found a hole to the Spider Nest.
 11423 | Lair:2   | Found a staircase to the Shoals.
 12403 | Lair:3   | Identified a scroll of acquirement
 12669 | Lair:4   | Reached skill level 1 in Shields
 12673 | Lair:4   | Noticed a death yak
 12675 | Lair:4   | Noticed a death yak
 12700 | Lair:4   | Noticed a five-headed hydra
 12701 | Lair:4   | Noticed Urug
 12724 | Lair:3   | Killed a death yak
 12732 | Lair:3   | Killed a five-headed hydra
 12877 | Lair:4   | Killed Urug
 13060 | Lair:4   | Killed a death yak
 13526 | Lair:4   | Found a bloodstained altar of Trog.
 13936 | Lair:5   | Got a slimy iron ring
 13938 | Lair:5   | Identified the ring of the Hart {MR+ Str+2 Dex+4 SInv} (You
                  | acquired it on level 5 of the Lair of Beasts)
 14265 | Lair:5   | Received a gift from Okawaru
 14265 | Lair:5   | Reached XP level 13. HP: 101/128 MP: 17/17
 14340 | Lair:5   | Found a viscous altar of Jiyva.
 14340 | Lair:5   | Found a staircase to the Slime Pits.
 14692 | Lair:6   | Entered Level 6 of the Lair of Beasts
 14803 | Lair:6   | Reached skill level 5 in Shields
 14829 | Lair:6   | Found a frozen archway.
 14837 | IceCv    | Entered an ice cave
 14853 | IceCv    | Reached skill level 13 in Unarmed Combat
 14877 | IceCv    | Gained mutation: Your body sometimes deteriorates upon
                  | taking damage. [potion of mutation]
 14877 | IceCv    | Gained mutation: Your mind is acute. (Int +2) [potion of
                  | mutation]
 14877 | IceCv    | Gained mutation: Your flesh is heat resistant. (rF+)
                  | [potion of mutation]
 14877 | IceCv    | Gained mutation: You are somewhat resistant to further
                  | mutation. [potion of mutation]
 15473 | IceCv    | Noticed a white draconian
 15496 | IceCv    | Received a gift from Okawaru
 15546 | IceCv    | Killed a white draconian
 15875 | Lair:6   | Noticed Sonja
 15882 | Lair:6   | Killed Sonja
 16385 | Lair:6   | Reached XP level 14. HP: 86/140 MP: 11/19
 16718 | Lair:6   | Identified the +11 demon whip "Raeh" {freeze, Str+4} (You
                  | found it on level 6 of the Lair of Beasts)
 17047 | D:11     | Reached skill level 14 in Unarmed Combat
 17124 | D:11     | Found a flagged portal.
 17126 | D:11     | Found Efuf's General Store.
 17144 | Bailey   | Entered a bailey
 17674 | Bailey   | Reached skill level 5 in Armour
 17674 | Bailey   | Reached XP level 15. HP: 149/149 MP: 20/20
 17799 | D:11     | Received a gift from Okawaru
 17799 | D:11     | Reached skill level 10 in Fighting
 18348 | D:12     | Found Xeonacw's Armour Shoppe.
 18358 | D:12     | Bought a +0 robe of fire resistance for 84 gold pieces
 18512 | D:12     | Found Syudop's Antique Weapon Shop.
 19209 | D:13     | Received a gift from Okawaru
 19458 | D:13     | Reached skill level 10 in Shields
 19563 | D:13     | Got a brightly glowing helmet
 19630 | D:13     | Got a fine hat
 19641 | D:13     | Identified the +2 hat of Compression {rElec Dex+4} (You
                  | found it on level 13 of the Dungeon)
 19692 | D:13     | Received a gift from Okawaru
 19713 | D:13     | Got a translucent dagger
 20079 | D:14     | Reached XP level 16. HP: 161/161 MP: 8/21
 20116 | D:14     | Received a gift from Okawaru
 20327 | D:14     | Found a gate to the Vaults.
 20345 | D:14     | Reached skill level 15 in Unarmed Combat
 20650 | D:15     | Entered Level 15 of the Dungeon
 20723 | D:15     | Found a staircase to the Depths.
 20997 | D:15     | Noticed Nessos
 21045 | D:15     | Killed Nessos
 21045 | D:15     | Received a gift from Okawaru
 21098 | D:15     | Got a bloodstained chain mail
 21106 | D:15     | Got a spiked chain mail
 21245 | D:15     | Received a gift from Okawaru
 21463 | Orc:1    | Entered Level 1 of the Orcish Mines
 21645 | D:10     | Received a gift from Okawaru
 21849 | Orc:1    | Found a bloodstained altar of Trog.
 22121 | Orc:2    | Entered Level 2 of the Orcish Mines
 22141 | Orc:2    | Paralysed by an orc sorcerer for 6 turns
 22368 | Orc:2    | Found a roughly hewn altar of Beogh.
 22399 | Orc:2    | Found Miuklub's Armour Emporium.
 22404 | Orc:2    | Received a gift from Okawaru
 22474 | Orc:2    | Found Urul's Jewellery Shoppe.
 22527 | Orc:2    | Found a staircase to the Elven Halls.
 22657 | Orc:2    | Found a roughly hewn altar of Beogh.
 22788 | Orc:2    | Found Vowkerchuh's Weapon Emporium.
 22803 | Orc:2    | Reached skill level 1 in Evocations
 22823 | Orc:2    | Found Cititopt's Jewellery Boutique.
 22844 | Orc:2    | Bought a +4 ring of protection for 396 gold pieces
 22894 | Orc:2    | Found Wuilubbo's Book Emporium.
 22945 | Orc:2    | Found Tahuj's Assorted Antiques.
 22956 | Orc:2    | Reached XP level 17. HP: 172/172 MP: 22/22
 23253 | Orc:1    | Noticed Fannar
 23269 | Orc:1    | Killed Fannar
 23447 | Spider:1 | Entered Level 1 of the Spider Nest
 23814 | Orc:2    | Bought a scroll of enchant armour for 172 gold pieces
 24469 | Spider:2 | Received a gift from Okawaru
 26239 | Spider:4 | Entered Level 4 of the Spider Nest
 26244 | Spider:4 | Reached skill level 16 in Unarmed Combat
 26249 | Spider:4 | Received a gift from Okawaru
 26435 | Spider:4 | Found a runed door.
 26435 | Spider:4 | Found a shimmering altar of Xom.
 26435 | Spider:4 | Noticed 100101001's ghost (adept GnAr)
 26437 | Spider:4 | Identified the +3 great mace "Sobafusk" {chaos, rElec rC+}
 26513 | Spider:4 | Received a gift from Okawaru
 27049 | Spider:4 | Received a gift from Okawaru
 27196 | Spider:4 | Got a gossamer rune of Zot
 27381 | Spider:4 | Killed 100101001's ghost
 27505 | Shoals:1 | Entered Level 1 of the Shoals
 27614 | Shoals:1 | Found a flickering gateway to a bazaar.
 27624 | Bazaar   | Entered a bazaar
 27625 | Bazaar   | Found Ejovik's Book Shoppe.
 27656 | Bazaar   | Found Yxelal's Jewellery Shop.
 27675 | Bazaar   | Found Seqit's Assorted Antiques.
 27683 | Bazaar   | Bought a scroll of enchant armour for 157 gold pieces
 27683 | Bazaar   | Bought a scroll labeled MEILLYO UCOUHO for 21 gold pieces
 27683 | Bazaar   | Bought a potion of agility for 84 gold pieces
 27685 | Bazaar   | Found Raaluf's Assorted Antiques.
 27694 | Bazaar   | Bought a potion of curing for 81 gold pieces
 27694 | Bazaar   | Bought a glowing robe for 99 gold pieces
 27914 | Shoals:1 | Received a gift from Okawaru
 27930 | Shoals:1 | Got an ichor-stained robe {god gift}
 27955 | Shoals:1 | Identified the +0 robe of Patterns {-Cast +Fly rPois rCorr}
                  | (Okawaru gifted it to you on level 1 of the Shoals)
 28052 | Shoals:1 | Reached XP level 18. HP: 154/183 MP: 24/24
 28076 | Shoals:1 | Got a spiked ring mail
 28491 | Shoals:2 | Reached skill level 10 in Throwing
 29449 | Shoals:3 | Noticed Polyphemus
 29462 | Shoals:3 | Killed Polyphemus
 29787 | Shoals:3 | Reached skill level 10 in Invocations
 30097 | Shoals:3 | Noticed Ilsuiw
 30123 | Shoals:3 | Killed Ilsuiw
 30129 | Shoals:3 | Reached skill level 5 in Evocations
 30149 | Shoals:3 | Identified the Volume of Ashen Transmigration
 30182 | Shoals:3 | Received a gift from Okawaru
 30529 | Shoals:4 | Entered Level 4 of the Shoals
 30594 | Shoals:4 | Received a gift from Okawaru
 30853 | Shoals:4 | Got a barnacled rune of Zot
 30905 | Shoals:4 | Reached skill level 10 in Dodging
 30989 | Shoals:4 | Got an ancient steel ring
 30991 | Shoals:4 | Identified the ring "Xuru" {rN+ MR+ SInv} (You found it on
                  | level 4 of the Shoals)
 31016 | Shoals:4 | Noticed Kirke
 31026 | Shoals:4 | Killed Kirke
 31194 | Shoals:4 | Received a gift from Okawaru
 31408 | Shoals:4 | Found the +0 pair of fencer's gloves {Riposte Dex+3}
 31609 | Shoals:4 | Received a gift from Okawaru
 31617 | Shoals:4 | Reached skill level 17 in Unarmed Combat
 31776 | Shoals:4 | Reached XP level 19. HP: 177/193 MP: 25/25
 31836 | Shoals:4 | Got a sparkling wooden ring
 31838 | Shoals:4 | Identified the ring of Xinih {Str+6 SInv} (You found it on
                  | level 4 of the Shoals)
 32051 | Vaults:1 | Entered Level 1 of the Vaults
 32100 | Vaults:1 | Received a gift from Okawaru
 32264 | Vaults:1 | Reached ****** piety under Okawaru
 32497 | Vaults:1 | Received a gift from Okawaru
 32616 | Vaults:1 | Received a gift from Okawaru
 32906 | Vaults:1 | Found Gozag's Antique Weapon Emporium.
 32910 | Vaults:1 | Received a gift from Okawaru
 32943 | Vaults:1 | Received a gift from Okawaru
 33004 | Vaults:1 | Found an opulent altar of Gozag.
 33004 | Vaults:1 | Found Gozag's Antique Weapon Emporium.
 33021 | Vaults:1 | Found Gozag's Antique Armour Shoppe.
 33340 | Vaults:1 | Found a sacrificial altar of Ru.
 33904 | Orc:2    | Bought a dented cameo amulet for 115 gold pieces
 34234 | Vaults:2 | Noticed Xtahua
 34252 | Vaults:2 | Killed Xtahua
 34349 | Vaults:2 | Received a gift from Okawaru
 34374 | Vaults:2 | Reached XP level 20. HP: 188/205 MP: 26/26
 35699 | Orc:2    | Bought an uncursed ring of positive energy for 220 gold
                  | pieces
 35699 | Orc:2    | Bought an uncursed ring of protection from cold for 275
                  | gold pieces
 36002 | Vaults:3 | Received a gift from Okawaru
 36019 | Vaults:3 | Got a spiked hat {god gift}
 36030 | Vaults:3 | Identified the +0 hat of Enneh {rPois MR+ Int+4 Slay+2}
                  | (Okawaru gifted it to you on level 3 of the Vaults)
 36431 | Vaults:3 | Reached skill level 18 in Unarmed Combat
 36747 | Vaults:3 | Found a shimmering altar of Xom.
 37245 | Vaults:3 | Noticed Asterion
 37277 | Vaults:3 | Killed Asterion
 37512 | Vaults:3 | Found Mujono's Antique Armour Emporium.
 37580 | Vaults:3 | Found a staircase to the Crypt.
 38134 | D:11     | Bought a potion of heal wounds for 65 gold pieces
 38134 | D:11     | Bought a scroll of teleportation for 39 gold pieces
 38246 | Depths:1 | Entered Level 1 of the Depths
 38246 | Depths:1 | Found a gateway to a ziggurat.
 38251 | Depths:1 | Paralysed by a floating eye for 3 turns
 38262 | Depths:1 | Paralysed by a floating eye for 4 turns
 38398 | Depths:1 | Paralysed by a floating eye for 2 turns
 38403 | Depths:1 | Paralysed by a floating eye for 2 turns
 38542 | Depths:1 | Paralysed by a floating eye for 4 turns
 38545 | Depths:1 | Received a gift from Okawaru
 38551 | Depths:1 | Paralysed by a floating eye for 3 turns
 38588 | Depths:1 | Paralysed by a floating eye for 4 turns
 38726 | Depths:1 | Paralysed by a floating eye for 4 turns
 38740 | Depths:1 | Paralysed by a floating eye for 2 turns
 38743 | Depths:1 | Paralysed by a floating eye for 4 turns
 38752 | Depths:1 | Paralysed by a floating eye for 2 turns
 38803 | Depths:1 | Noticed an ancient lich
 38810 | Depths:1 | Killed an ancient lich
 38876 | Depths:1 | Reached XP level 21. HP: 114/215 MP: 8/27
 38926 | Depths:1 | Identified Zifelun's Catalogue of Dark Secrets
 38936 | Depths:1 | Learned a level 6 spell: Statue Form
 39144 | Depths:1 | Got a spiked plate armour
 39544 | Depths:1 | Found a one-way gate leading to the halls of Pandemonium.
 39781 | Depths:1 | Found a gateway to Hell.
 39926 | Depths:1 | Received a gift from Okawaru
 40142 | Depths:1 | Got a transparent leather armour
 40233 | Depths:2 | Found a runed gate.
 40242 | Depths:2 | Found a runed gate.
 40243 | Depths:2 | Found a runed gate.
 40243 | Depths:2 | Noticed ezpacito's ghost (adept DsGl)
 40275 | Depths:2 | Received a gift from Okawaru
 40314 | Depths:2 | Identified the +2 robe of Okawaru's Reproof {MR++ Int+2}
                  | (Okawaru gifted it to you on level 2 of the Depths)
 40977 | Depths:2 | Reached skill level 15 in Fighting
 41559 | Depths:2 | Reached skill level 19 in Unarmed Combat
 41585 | Depths:2 | Killed ezpacito's ghost
 41600 | Depths:2 | Got a slimy scale mail
 41696 | Depths:3 | Noticed a golden dragon
 42026 | Depths:3 | Received a gift from Okawaru
 42041 | Depths:3 | Killed a golden dragon
 42129 | Depths:3 | Received a gift from Okawaru
 42162 | Depths:3 | Received a gift from Okawaru
 42163 | Depths:3 | Noticed a golden dragon
 42167 | Depths:3 | Killed a golden dragon
 42167 | Depths:3 | Reached XP level 22. HP: 161/228 MP: 28/28
 42886 | Depths:3 | Found Kiwavas's Gadget Shop.
 43189 | Depths:3 | Reached skill level 10 in Armour
 43200 | Depths:3 | Found Bamuwein's Weapon Shoppe.
 43388 | Depths:3 | Lost mutation: Your body sometimes deteriorates upon taking
                  | damage. [potion of mutation]
 43388 | Depths:3 | Lost mutation: You are somewhat resistant to further
                  | mutation. [potion of mutation]
 43388 | Depths:3 | Lost mutation: Your flesh is heat resistant. (rF+) [potion
                  | of mutation]
 43388 | Depths:3 | Gained mutation: Armour fits poorly on your strangely
                  | shaped body. [potion of mutation]
 43388 | Depths:3 | Gained mutation: You have large cloven feet. [potion of
                  | mutation]
 43388 | Depths:3 | Gained mutation: You occasionally shout uncontrollably at
                  | your foes. [potion of mutation]
 43388 | Depths:3 | Gained mutation: Your spells are a little harder to cast,
                  | but a little more powerful. [potion of mutation]
 43389 | Depths:3 | Lost mutation: You have large cloven feet. [potion of
                  | mutation]
 43389 | Depths:3 | Lost mutation: Armour fits poorly on your strangely shaped
                  | body. [potion of mutation]
 43389 | Depths:3 | Gained mutation: You have a pair of small horns on your
                  | head. [potion of mutation]
 43389 | Depths:3 | Gained mutation: You expend magic power (3 MP) to
                  | strengthen your wands. [potion of mutation]
 43389 | Depths:3 | Gained mutation: You possess an exceptional clarity of
                  | mind. [potion of mutation]
 43389 | Depths:3 | Gained mutation: You are agile. (Dex +2) [potion of
                  | mutation]
 43411 | Depths:4 | Noticed Saint Roka
 43429 | Depths:4 | Killed Saint Roka
 43761 | Depths:4 | Received a gift from Okawaru
 44017 | Depths:4 | Noticed Boris
 44169 | Depths:4 | Killed Boris
 44169 | Depths:4 | Reached skill level 20 in Unarmed Combat
 44190 | Depths:4 | Noticed Jory
 44218 | Depths:4 | Killed Jory
 44282 | Depths:4 | Found a one-way gate to the infinite horrors of the Abyss.
 44346 | Depths:4 | Found Lareilul's Distillery.
 44354 | Depths:4 | Bought a potion of curing for 33 gold pieces
 44354 | Depths:4 | Bought 2 potions of might for 88 gold pieces
 44354 | Depths:4 | Bought a potion of curing for 33 gold pieces
 44354 | Depths:4 | Bought a potion of curing for 33 gold pieces
 44354 | Depths:4 | Bought a potion of curing for 33 gold pieces
 44639 | Depths:4 | Noticed a golden dragon
 44646 | Depths:4 | Killed a golden dragon
 44694 | Depths:4 | Noticed a golden dragon
 44701 | Depths:4 | Killed a golden dragon
 44707 | Depths:4 | Received a gift from Okawaru
 44724 | Depths:4 | Noticed a golden dragon
 44737 | Depths:4 | Killed a golden dragon
 45001 | Depths:4 | Identified the amulet "Ruobudem" {Reflect -Tele Fragile
                  | rElec rPois SH+4}
 45039 | Depths:4 | Reached XP level 23. HP: 137/240 MP: 24/29
 45045 | Depths:4 | Received a gift from Okawaru
 45095 | Depths:4 | Found a snail-covered altar of Cheibriados.
 45452 | Depths:5 | Entered Level 5 of the Depths
 45520 | Depths:5 | Received a gift from Okawaru
 45697 | Depths:5 | Paralysed by a floating eye for 3 turns
 45762 | Depths:5 | HP: 12/241 [acid (13)]
 46129 | Depths:5 | Noticed a caustic shrike
 46129 | Depths:5 | Noticed a caustic shrike
 46129 | Depths:5 | Noticed a caustic shrike
 46138 | Depths:5 | Killed a caustic shrike
 46142 | Depths:5 | Killed a caustic shrike
 46149 | Depths:5 | Killed a caustic shrike
 46241 | Depths:5 | Received a gift from Okawaru
 46452 | Depths:5 | Found a gate to the Realm of Zot.
 46834 | Depths:5 | Received a gift from Okawaru
 46834 | Depths:5 | Reached skill level 21 in Unarmed Combat
 47288 | Depths:1 | Paralysed by a floating eye for 2 turns
 47582 | Elf:1    | Entered Level 1 of the Elven Halls
 47809 | Elf:1    | Received a gift from Okawaru
 47834 | Elf:1    | Reached skill level 15 in Armour
 48276 | Elf:1    | You fall through a shaft!
 48283 | Elf:2    | Noticed Agnes
 48290 | Elf:2    | Killed Agnes
 48309 | Elf:2    | Reached XP level 24. HP: 249/253 MP: 24/29
 48353 | Elf:2    | Found a runed gate.
 48353 | Elf:2    | Found a runed gate.
 48353 | Elf:2    | Found a runed gate.
 48418 | Elf:2    | Got a brightly glowing marble ring
 48419 | Elf:2    | Identified the ring "Suataodi" {Fire *Slow rN+ Str+3} (You
                  | acquired it on level 2 of the Elven Halls)
 48425 | Elf:2    | Noticed Donald
 48439 | Elf:2    | Killed Donald
 48448 | Elf:2    | Found Ujiqifid's Magic Scroll Shoppe.
 48479 | Elf:2    | Found a magical portal.
 48482 | WizLab   | Entered Doroklohe's Tomb
 48906 | Elf:2    | Bought a scroll of teleportation for 60 gold pieces
 49546 | Elf:2    | Found an ancient bone altar of Kikubaaqudgha.
 49655 | Elf:3    | Entered Level 3 of the Elven Halls
 49671 | Elf:3    | Found Etohuopn's Armour Boutique.
 49671 | Elf:3    | Found Sol Qiun's General Store.
 49673 | Elf:3    | Found Julisuta's Armour Boutique.
 49674 | Elf:3    | Found Eniboe Azoh's Antique Weapon Shop.
 49680 | Elf:3    | Bought a scroll of teleportation for 45 gold pieces
 49680 | Elf:3    | Bought a potion of curing for 45 gold pieces
 50353 | Elf:3    | Received a gift from Okawaru
 50473 | Elf:3    | Received a gift from Okawaru
 50485 | Elf:3    | Identified the +9 war axe of Cheese {speed, rF++ rC+ Dex+7}
 50487 | Elf:3    | Identified the cursed ring "Lebyq" {rC+ rN+ Str-3 Slay+3}
 50526 | Elf:3    | Identified the amulet "Dyty" {Acrobat Stlth+}
 50540 | Elf:3    | Got a scorched quarterstaff
 50567 | Elf:3    | Identified the Disquisition on Mutagenic Weightlessness
 50676 | Elf:3    | Got a crude hunting sling
 51407 | Vaults:4 | Received a gift from Okawaru
 51638 | Vaults:4 | Received a gift from Okawaru
 52166 | Vaults:4 | Received a gift from Okawaru
 52205 | Vaults:4 | Found a runed gate.
 52205 | Vaults:4 | Found a runed gate.
 52205 | Vaults:4 | Found a runed gate.
 52207 | Vaults:4 | Noticed Liquidunit's ghost (adept MiBe)
 52471 | Vaults:4 | Killed Liquidunit's ghost
 52518 | Vaults:4 | Identified the cursed +0 cloak "Zunluzeu" {MR++ Int+4} (You
                  | found it on level 4 of the Vaults)
 52941 | Vaults:5 | Entered Level 5 of the Vaults
 52960 | Vaults:5 | Reached XP level 25. HP: 246/265 MP: 24/29
 52960 | Vaults:5 | Received a gift from Okawaru
 53186 | Vaults:5 | Received a gift from Okawaru
 53408 | Vaults:5 | Reached skill level 22 in Unarmed Combat
 53500 | Vaults:5 | Paralysed by a floating eye for 2 turns
 53529 | Vaults:5 | Got a silver rune of Zot
 53665 | Vaults:5 | Noticed an ancient lich
 53846 | Vaults:5 | Found Mulo Laoseext's Antique Armour Shoppe.
 53855 | Vaults:5 | Received a gift from Okawaru
 53887 | Vaults:5 | Killed an ancient lich
 53976 | Vaults:5 | Bought a runed cloak for 270 gold pieces
 53986 | Vaults:5 | Found Lyshri's Jewellery Shoppe.
 53994 | Vaults:5 | Bought an uncursed amulet of guardian spirit for 480 gold
                  | pieces
 54308 | Vaults:5 | Received a gift from Okawaru
 54472 | Vaults:5 | Received a gift from Okawaru
 54576 | Vaults:5 | Got an obsidian-encrusted ring mail
 54845 | Vaults:5 | Received a gift from Okawaru
 54847 | Vaults:5 | Identified the ring of Okawaru's Supremacy {Ice rElec
                  | Str+3}
 55508 | Orc:2    | Bought an uncursed ring of resist corrosion for 320 gold
                  | pieces
 55508 | Orc:2    | Bought an uncursed ring of fire for 400 gold pieces
 55692 | Slime:1  | Entered Level 1 of the Pits of Slime
 55813 | Slime:2  | Reached XP level 26. HP: 275/276 MP: 27/29
 55831 | Slime:2  | Gained mutation: Armour fits poorly on your strangely
                  | shaped body. [a shining eye]
 55871 | Lair:5   | Lost mutation: Your spells are a little harder to cast, but
                  | a little more powerful. [potion of mutation]
 55871 | Lair:5   | Lost mutation: You are agile. (Dex +2) [potion of mutation]
 55871 | Lair:5   | Lost mutation: You have a pair of small horns on your head.
                  | [potion of mutation]
 55871 | Lair:5   | Gained mutation: You heal very quickly. [potion of
                  | mutation]
 55872 | Lair:5   | Lost mutation: You possess an exceptional clarity of mind.
                  | [potion of mutation]
 55872 | Lair:5   | Lost mutation: You expend magic power (3 MP) to strengthen
                  | your wands. [potion of mutation]
 55872 | Lair:5   | Lost mutation: You occasionally shout uncontrollably at
                  | your foes. [potion of mutation]
 55872 | Lair:5   | Gained mutation: You are frail. (-10% HP) [potion of
                  | mutation]
 55872 | Lair:5   | Gained mutation: You have a somewhat thin skeletal
                  | structure. (Dex +2, Stealth) [potion of mutation]
 55873 | Lair:5   | Lost mutation: You are frail. (-10% HP) [potion of
                  | mutation]
 55873 | Lair:5   | Lost mutation: Armour fits poorly on your strangely shaped
                  | body. [potion of mutation]
 55873 | Lair:5   | Lost mutation: Your mind is acute. (Int +2) [potion of
                  | mutation]
 55873 | Lair:5   | Gained mutation: You are frail. (-10% HP) [potion of
                  | mutation]
 55873 | Lair:5   | Gained mutation: You are somewhat resistant to further
                  | mutation. [potion of mutation]
 55874 | Lair:5   | Lost mutation: You are somewhat resistant to further
                  | mutation. [potion of mutation]
 55874 | Lair:5   | Lost mutation: You are frail. (-10% HP) [potion of
                  | mutation]
 55874 | Lair:5   | Lost mutation: You heal very quickly. [potion of mutation]
 55874 | Lair:5   | Gained mutation: Your mind is acute. (Int +2) [potion of
                  | mutation]
 55874 | Lair:5   | Gained mutation: Your flesh is cold resistant. (rC+)
                  | [potion of mutation]
 55874 | Lair:5   | Gained mutation: You have very sharp teeth. [potion of
                  | mutation]
 56063 | Slime:4  | Noticed Dissolution
 56072 | Slime:4  | Killed Dissolution
 56072 | Slime:4  | Received a gift from Okawaru
 56180 | Slime:5  | Entered Level 5 of the Pits of Slime
 56382 | Slime:4  | Gained mutation: Your spells are a little easier to cast,
                  | but a little less powerful. [a shining eye]
 56384 | Slime:4  | Gained mutation: You expend magic power (3 MP) to
                  | strengthen your wands. [a shining eye]
 56597 | Slime:4  | Received a gift from Okawaru
 56776 | Slime:5  | Noticed the Royal Jelly
 56793 | Slime:5  | Killed the Royal Jelly
 56793 | Slime:5  | Received a gift from Okawaru
 57413 | Slime:5  | Got a smoking cloak
 57414 | Slime:5  | Identified the cursed +0 cloak of Shielding {Int+5} (You
                  | found it on level 5 of the Pits of Slime)
 57435 | Slime:5  | Got a faintly glowing falchion
 57443 | Slime:5  | Got a bound granite ring
 57444 | Slime:5  | Identified the ring of Moderation {rN+ Str+3 Stlth-} (You
                  | found it on level 5 of the Pits of Slime)
 57471 | Slime:5  | Identified Sis Waps's Compendium of Harmful Companions
 57495 | Slime:5  | Got a faintly glowing glass ring
 57496 | Slime:5  | Identified the ring of Fusao {EV+3 Stlth+} (You found it on
                  | level 5 of the Pits of Slime)
 57721 | Slime:5  | Got a slimy rune of Zot
 58103 | Depths:4 | Voluntarily entered the Abyss.
 58509 | Abyss:1  | Paralysed by accursed screaming for 1 turns
 58583 | Abyss:1  | Found a sacrificial altar of Ru.
 58811 | Depths:4 | Escaped the Abyss
 58813 | Depths:4 | Voluntarily entered the Abyss.
 59009 | Abyss:2  | Received a gift from Okawaru
 59168 | Abyss:2  | Found a hide-covered altar of Uskayaw.
 59281 | Abyss:2  | Found a corrupted altar of Lugonu.
 59795 | Abyss:2  | Lost mutation: Your spells are a little easier to cast, but
                  | a little less powerful. [a neqoxec]
 59806 | Depths:4 | Escaped the Abyss
 60531 | Depths:4 | Voluntarily entered the Abyss.
 60961 | Abyss:2  | Received a gift from Okawaru
 61051 | Abyss:2  | Reached XP level 27. HP: 236/284 MP: 29/29
 61116 | Abyss:2  | Gained mutation: You are frail. (-10% HP) [a neqoxec]
 61329 | Abyss:2  | Paralysed by accursed screaming for 1 turns
 61400 | Abyss:2  | Found a deep blue altar of Sif Muna.
 61419 | Abyss:2  | Found a corrupted altar of Lugonu.
 61533 | Abyss:4  | Gained mutation: You passively map a small area around you.
                  | [a neqoxec]
 61616 | Abyss:4  | Reached skill level 15 in Shields
 61825 | Abyss:4  | Gained mutation: You are clumsy. (Dex -2) [a neqoxec]
 61958 | Abyss:4  | Gained mutation: Armour fits poorly on your strangely
                  | shaped body. [mutagenic glow]
 62211 | Abyss:4  | Paralysed by accursed screaming for 1 turns
 62213 | Abyss:4  | Paralysed by accursed screaming for 2 turns
 62217 | Abyss:4  | Reached skill level 15 in Dodging
 62233 | Abyss:4  | Paralysed by accursed screaming for 2 turns
 62244 | Abyss:4  | Paralysed by accursed screaming for 2 turns
 62281 | Abyss:4  | Paralysed by accursed screaming for 2 turns
 62289 | Abyss:4  | Paralysed by accursed screaming for 2 turns
 62290 | Abyss:4  | HP: 11/260 [starcursed mass/accursed screaming (17)]
 62296 | Abyss:4  | HP: 11/260 [starcursed mass/accursed screaming (6)]
 62296 | Abyss:4  | Paralysed by accursed screaming for 1 turns
 62307 | Abyss:4  | HP: 13/261 [starcursed mass/accursed screaming (3)]
 62312 | Abyss:4  | HP: 8/261 [yellow draconian stormcaller/divine providence
                  | (3)]
 62324 | Abyss:4  | HP: 8/261 [starcursed mass/accursed screaming (2)]
 62378 | Abyss:4  | Got an abyssal rune of Zot
 62471 | Abyss:4  | Received a gift from Okawaru
 63088 | Abyss:4  | Reached skill level 15 in Throwing
 63249 | Abyss:4  | Reached skill level 1 in Earth Magic
 63269 | Abyss:4  | Reached skill level 1 in Transmutations
 63651 | Depths:4 | Escaped the Abyss
 63654 | Depths:4 | Lost mutation: You passively map a small area around you.
                  | [potion of mutation]
 63654 | Depths:4 | Lost mutation: You are clumsy. (Dex -2) [potion of
                  | mutation]
 63654 | Depths:4 | Lost mutation: You expend magic power (3 MP) to strengthen
                  | your wands. [potion of mutation]
 63654 | Depths:4 | Lost mutation: You are frail. (-10% HP) [potion of
                  | mutation]
 63654 | Depths:4 | Gained mutation: You passively map a small area around you.
                  | [potion of mutation]
 63655 | Depths:4 | Lost mutation: Armour fits poorly on your strangely shaped
                  | body. [potion of mutation]
 63655 | Depths:4 | Lost mutation: You passively map a small area around you.
                  | [potion of mutation]
 63655 | Depths:4 | Lost mutation: Your flesh is cold resistant. (rC+) [potion
                  | of mutation]
 63655 | Depths:4 | Gained mutation: You occasionally shout uncontrollably at
                  | your foes. [potion of mutation]
 63655 | Depths:4 | Gained mutation: You are covered in thick fur. (AC +2)
                  | [potion of mutation]
 63738 | Zot:1    | Entered Level 1 of the Realm of Zot
 64098 | Zot:1    | Received a gift from Okawaru
 64153 | Zot:1    | Received a gift from Okawaru
 64555 | Zot:2    | Received a gift from Okawaru
 64596 | Zot:2    | Got a pearl-encrusted leather armour
 64729 | Zot:4    | Received a gift from Okawaru
 65035 | Zot:4    | Received a gift from Okawaru
 65311 | Zot:5    | Entered Level 5 of the Realm of Zot
 65366 | Zot:5    | Received a gift from Okawaru
 65619 | Zot:5    | Noticed an ancient lich
 65633 | Zot:5    | Noticed an orb of fire
 65633 | Zot:5    | Noticed an orb of fire
 65640 | Zot:5    | Gained mutation: You sometimes yell uncontrollably at your
                  | foes. [an orb of fire]
 65651 | Zot:5    | Killed an orb of fire
 65661 | Zot:5    | Killed an orb of fire
 65671 | Zot:5    | Killed an ancient lich
 65671 | Zot:5    | Received a gift from Okawaru
 65688 | Zot:5    | Received a gift from Okawaru
 65717 | Zot:5    | HP: 11/296 [Orb Guardian (13)]
 65719 | Zot:5    | Noticed an orb of fire
 65720 | Zot:5    | Noticed an orb of fire
 65720 | Zot:5    | Killed from afar by an orb of fire

Vault maps used:
D:1:      lemuel_arrival_room, kennysheep_pointless_box
D:2:      fedhas_altar_2
D:3:      old_standard_altar, gammafunk_temple_overflow_elements,
          lemuel_round_altar, goddamned_bats
D:4:      hellmonk_ghost_happy_afterlife, first_ration, uniq_eustachio
D:5:      minmay_temple_entry_mini_moons, serial_shops, shop
D:6:      serial_shops, nicolae_shop_competitors_out_of_business, basic_altar,
          tso_altar
D:7:      the_bakery
D:8:      grunt_decor_fettered
D:9:      lemuel_crystal_altar, eat_drink_and_be_merry_uskayaw,
          elyvilon_altar_1, evilmike_ruin_ashenzari, erik_lair_orcish_takeover,
          orc_0_dummy, grunt_ministairs_7
D:10:     minmay_klotski, serial_park, serial_park_tiny_pond,
          serial_park_avenue1, minivault_23, minmay_misc_feat_enclosed
D:11:     enter_bailey_3, serial_shops, shop, minmay_unpleasant_kobolds
D:12:     serial_shops, shop, nicolae_shop_stone,
          hangedman_abyss_or_decor_clamps, hangedman_cracks_in_the_wall
D:13:     minmay_elf_outpost
D:14:     lightli_vaults_fourway_checkpoint
D:15:     hangedman_depths_entry_try_elsewhere_first, serial_park_square2,
          uniq_nessos
Lair:1:   minmay_guarded_unrand_snakebite, cheibrodos_lair_lostbears,
          grunt_megastairs_2, infiniplex_staircase_pool_2
Lair:2:   minmay_shoals_entry_centaurs, nicolae_spider_entry_non_spiders,
          lemuel_fruit_tree
Lair:3:   grunt_megastairs_3
Lair:4:   lemuel_centaur_altar, uniq_urug
Lair:5:   dpeg_slime_entry_enclosed_altar, kennysheep_abandoned_house
Lair:6:   evilmike_catoblepas_cave, portal_ice_cave_entry_pillars_1,
          infiniplex_staircase_pool, uniq_sonja
Shoals:1: serial_shops, bzr_entry_dummy
Shoals:2: nicolae_shoals_water_elemental_grotto
Shoals:3: uniq_polyphemus, uniq_ilsuiw
Shoals:4: shoals_end_grunt_ice, shoal_ilsuiw, uniq_kirke
Spider:3: nicolae_spider_circle_web
Spider:4: grunt_spider_rune_circles, ebering_ghost_xom, spider_trap,
          guppyfry_hornet_nest
Slime:2:  cheibrodos_slime_lost_civilization_7
Slime:4:  uniq_dissolution
Orc:1:    trog_hazing_becter, uniq_fannar
Orc:2:    st_orc_town, serial_shops, shop,
          nicolae_shop_temple_entry_statues_fountains, nicolae_orc_rockfall,
          minmay_orc_temple_a
Elf:1:    basic_altar, hangedman_elven_crosses_minicolossus
Elf:2:    serial_shops, shop, mu_enter_wizlab_7, basic_altar, hex_tiny,
          uniq_donald, uniq_agnes
Elf:3:    minmay_elf_hall_dome, minmay_shoptagon
Vaults:1: vaults_room_pools, vaults_room_grunt_arrival_ludios,
          nicolae_vaults_big_angled_halls, nicolae_vaults_asterisk,
          hangedman_vaults_unwind, ontoclasm_vaults_misaligned,
          hangedman_vaults_river_flow, kennysheep_vaults_gozag_temple,
          v_alt_pattern_2, nicolae_vaults_three_branches,
          hangedman_vaults_slither, vaults_room_door_ring,
          vaults_room_ringed_pool, nicolae_vaults_rhombus_6, v_misc_8,
          vaults_room_pools, basic_altar
Vaults:2: nicolae_vaults_little_ls, nicolae_vaults_know_your_exits, v_misc_13,
          hangedman_vaults_stitches, nicolae_vaults_little_squares_4,
          hangedman_vaults_trim, vaults_mumra_hex, nicolae_vaults_network_s,
          ontoclasm_vaults_eye, uniq_xtahua
Vaults:3: v_misc_26, vaults_room_pools, minmay_crypt_entry_simple_round,
          nicolae_vaults_big_ls, nicolae_vaults_mini_display_case,
          vaults_room_fours, serial_ice_h, vaults_dpeg_diagonal, basic_altar,
          serial_shops, shop, uniq_asterion
Vaults:4: gammafunk_vaults_ghost_tricky_traps, vaults_room_hangedman_quadrants,
          vaults_room_door_hall, v_misc_22, v_misc_30, vaults_dpeg_doors,
          v_misc_14, vaults_room_semicircle, vaults_room_door_hall,
          vaults_room_fours, ontoclasm_vaults_bender,
          nicolae_vaults_shelves_hall, ontoclasm_vaults_ring_square,
          nicolae_vaults_shelves_hall
Vaults:5: serial_shops
Depths:1: enter_ziggurat_d, special_room, rand_demon_pan_entry_4,
          pf_vacation_house_of_asmodeus, minmay_splitting_lines,
          serial_bayou_pond_d, lemuel_flame_loot_1
Depths:2: minmay_tri_stars, minmay_door_square, lightli_too_deep,
          gammafunk_ghost_split, hangedman_decor_slide_cut
Depths:3: minmay_the_grid_octo_2x2, serial_shops, shop, nicolae_shop_crystal,
          rand_demon_pan_entry_7, hell_entry, infiniplex_staircase_river
Depths:4: pf_snail_temple, hangedman_coc_ice_floe, minmay_hedge_maze,
          serial_shops, nicolae_shop_waterfront, minmay_room_of_horrors,
          abandoned_shop, grunt_decor_arrowhead, dk_noncrumbling_3,
          minmay_crystal_room, uniq_saint_roka, uniq_jory, uniq_boris
Depths:5: grunt_crosshair, abyss_entry_crystal, rand_demon_pan_entry_5,
          patterned_corridor, hell_entry, special_room
Zot:1:    grunt_deathspiral_small
Zot:2:    ebering_ghost_reflecting_pool
Zot:3:    grunt_ministairs_7
Zot:4:    lemuel_draconian_sentries
Abyss:3:  due_evilmike_abyss_rune_seething_liches
Abyss:4:  evilmike_abyss_exit_7, hangedman_shadowy_showcase,
          hangedman_illusive_loot, evilmike_abyss_rune_siren_acolytes
Bazaar:   bazaar_kb_twisted_cavern
Bailey:   bailey_polearm_flooded_kennysheep, bailey
IceCv:    ice_cave_caverns_02
WizLab:   wizlab_doroklohe

Skill      XL: |  1  2  3  4  5  6  7  8  9 10 11 12 13 14 15 16 17 18 19 20 21 22 23 24 25 26 27 |
---------------+----------------------------------------------------------------------------------+-----
Unarmed Combat | 1 2 3 4 5 7 9 10 12 13 14 15 16 17 18 19 20 21 22 | 22.0
Fighting       | 2 3 4 5 6 7 8 9 10 11 12 13 14 15 16 17 18 19 21 | 21.0
Dodging        | 2 3 4 5 6 7 8 9 10 11 13 14 15 | 15.0
Throwing       | 4 5 6 7 8 9 11 12 13 14 16 | 16.6
Invocations    | 2 4 5 6 7 8 9 10 12 | 12.2
Shields        | 4 7 8 10 12 13 14 15 | 15.0
Armour         | 5 7 9 11 15 16 17 18 20 | 20.0
Evocations     | 1 4 5 7 8 |  8.0
Earth Magic    | 3 |  3.0
Transmutations | 2 |  2.4
Stealth        | |  0.3

Action                   |  1- 3 |  4- 6 |  7- 9 | 10-12 | 13-15 | 16-18 | 19-21 | 22-24 | 25-27 || total
-------------------------+-------+-------+-------+-------+-------+-------+-------+-------+-------++-------
Melee: Unarmed           |    72 |   171 |   275 |   489 |   839 |  1720 |  1675 |  1608 |  2757 ||  9606
       Punch             |       |       |     9 |    19 |       |       |       |       |       ||    28
       Headbutt          |       |       |       |       |       |       |       |   534 |   170 ||   704
       Bite              |       |       |       |       |       |       |       |       |   488 ||   488
 Fire: Blowgun           |       |       |    42 |     5 |       |       |       |       |       ||    47
Throw: Large rock        |     3 |    14 |     7 |   116 |     7 |   131 |    51 |   165 |   301 ||   795
       Stone             |    41 |    72 |    16 |       |       |       |       |       |       ||   129
       Tomahawk          |       |       |     5 |    72 |   109 |     7 |     2 |       |       ||   195
       Javelin           |       |       |     5 |    57 |    52 |    84 |    78 |       |     2 ||   278
Invok: Heroism           |       |       |    10 |    25 |    38 |    48 |    31 |    31 |    33 ||   216
       Finesse           |       |       |       |       |     4 |    13 |     5 |    10 |     7 ||    39
Evoke: Phial of floods   |       |       |       |       |       |       |       |     3 |     2 ||     5
       Box of beasts     |       |       |       |       |       |       |       |     2 |     1 ||     3
       Wand              |       |       |       |       |       |       |       |     2 |    10 ||    12
       Sack of spiders   |       |       |       |       |       |       |       |       |     1 ||     1
  Use: Scroll            |       |     7 |     2 |    22 |     8 |    13 |    13 |    14 |    22 ||   101
       Potion            |       |       |       |     3 |     3 |     8 |     6 |     6 |    23 ||    49
 Stab: Sleeping          |       |       |     2 |     1 |     7 |     7 |       |       |       ||    17
       Distracted        |       |       |       |       |     2 |       |     1 |     3 |     3 ||     9
       Petrified         |       |       |       |       |     2 |     2 |       |       |       ||     4
       Petrifying        |       |       |       |       |     1 |       |       |       |       ||     1
       Held in net/web   |       |       |       |       |       |     1 |       |       |       ||     1
       Confused          |       |       |       |       |       |       |       |       |     2 ||     2
  Eat: Chunk             |    15 |    21 |    29 |    74 |    52 |   109 |    93 |    95 |    74 ||   562
       Ration            |       |       |       |       |       |       |       |       |    11 ||    11
Armor: Robe              |    27 |    78 |    56 |    89 |    62 |   167 |    13 |       |       ||   492
       Skin              |       |       |       |    48 |       |       |       |       |       ||    48
       Fire dragon scale |       |       |       |       |       |       |   138 |    61 |       ||   199
       Gold dragon scale |       |       |       |       |       |       |       |   232 |   780 ||  1012
Dodge: Dodged            |    39 |   139 |   142 |   320 |   225 |   435 |   398 |   240 |   529 ||  2467
Block: Other             |       |       |       |    60 |       |       |       |       |       ||    60
       Reflection        |       |       |       |    15 |    41 |   173 |    98 |   109 |    77 ||   513
       Large shield      |       |       |       |   154 |   834 |  2151 |  1820 |  1517 |  2425 ||  8901

Table legend:
 A = Non-vault XP
 B = Vault XP
 C = Vault XP percentage of total XP
 D = Non-vault monster count
 E = Vault monster count
 F = Vault count percentage of total count
                 A         B        C        D         E       F
            +---------+---------+-------+---------+---------+-------
      Total |  942703 |  924032 |  49.5 |    1947 |    1090 |  35.9
            +---------+---------+-------+---------+---------+-------
        D:1 |      39 |       0 |   0.0 |      20 |       0 |   0.0
        D:2 |     113 |       0 |   0.0 |      23 |       0 |   0.0
        D:3 |      64 |     172 |  72.9 |      14 |      20 |  58.8
        D:4 |     449 |     457 |  50.4 |      25 |       2 |   7.4
        D:5 |     878 |       0 |   0.0 |      20 |       0 |   0.0
        D:6 |     840 |       0 |   0.0 |      29 |       0 |   0.0
        D:7 |     609 |     211 |  25.7 |      16 |       1 |   5.9
        D:8 |    2006 |       0 |   0.0 |      19 |       0 |   0.0
        D:9 |     741 |     335 |  31.1 |      11 |       7 |  38.9
       D:10 |    3291 |    7084 |  68.3 |      36 |      18 |  33.3
       D:11 |    6911 |      97 |   1.4 |      43 |       7 |  14.0
       D:12 |    3574 |    2786 |  43.8 |      29 |      11 |  27.5
       D:13 |    5826 |   12086 |  67.5 |      20 |      20 |  50.0
       D:14 |   16211 |    5412 |  25.0 |      54 |      12 |  18.2
       D:15 |   21900 |    5239 |  19.3 |      45 |       5 |  10.0
     Lair:1 |    3707 |    3710 |  50.0 |      22 |      21 |  48.8
     Lair:2 |    4790 |    2081 |  30.3 |      17 |      31 |  64.6
     Lair:3 |    3607 |     105 |   2.8 |      11 |       1 |   8.3
     Lair:4 |    4812 |    1293 |  21.2 |      23 |       5 |  17.9
     Lair:5 |   10542 |     580 |   5.2 |      26 |      16 |  38.1
     Lair:6 |   10122 |   11490 |  53.2 |      37 |      24 |  39.3
   Shoals:1 |   12017 |       0 |   0.0 |      26 |       0 |   0.0
   Shoals:2 |   24871 |     828 |   3.2 |      44 |       4 |   8.3
   Shoals:3 |   17009 |    8055 |  32.1 |      35 |       8 |  18.6
   Shoals:4 |   11057 |   25098 |  69.4 |      23 |      34 |  59.6
   Spider:1 |    3758 |       0 |   0.0 |      16 |       0 |   0.0
   Spider:2 |   12487 |       0 |   0.0 |      34 |       0 |   0.0
   Spider:3 |   10736 |       0 |   0.0 |      28 |       0 |   0.0
   Spider:4 |    7330 |   25718 |  77.8 |      16 |      41 |  71.9
    Slime:1 |    1395 |       0 |   0.0 |       6 |       0 |   0.0
    Slime:2 |   12106 |    2395 |  16.5 |      17 |       1 |   5.6
    Slime:4 |   17150 |   11929 |  41.0 |      40 |       3 |   7.0
    Slime:5 |   19145 |   30287 |  61.3 |      25 |      12 |  32.4
      Orc:1 |    1043 |    1042 |  50.0 |      24 |       7 |  22.6
      Orc:2 |    5973 |    7500 |  55.7 |      56 |      61 |  52.1
      Elf:1 |    6236 |   10611 |  63.0 |      12 |      16 |  57.1
      Elf:2 |   11578 |   28105 |  70.8 |      19 |      30 |  61.2
      Elf:3 |    8472 |   42725 |  83.5 |      13 |      28 |  68.3
   Vaults:1 |   33757 |   32513 |  49.1 |      55 |      40 |  42.1
   Vaults:2 |   31031 |   26789 |  46.3 |      68 |      31 |  31.3
   Vaults:3 |   38272 |   20392 |  34.8 |      59 |      33 |  35.9
   Vaults:4 |   26236 |   29839 |  53.2 |      55 |      37 |  40.2
   Vaults:5 |   28378 |  134864 |  82.6 |      38 |      93 |  71.0
   Depths:1 |   16543 |   24595 |  59.8 |      33 |      25 |  43.1
   Depths:2 |   33611 |   37556 |  52.8 |      38 |      35 |  47.9
   Depths:3 |   43860 |   30463 |  41.0 |      61 |      21 |  25.6
   Depths:4 |   29083 |   90000 |  75.6 |      39 |      84 |  68.3
   Depths:5 |   46003 |   50500 |  52.3 |      37 |      41 |  52.6
      Zot:1 |   11903 |   60173 |  83.5 |       6 |      38 |  86.4
      Zot:2 |    9804 |       0 |   0.0 |       5 |       0 |   0.0
      Zot:3 |    2495 |    2848 |  53.3 |       1 |       2 |  66.7
      Zot:4 |   28341 |   15522 |  35.4 |      21 |      10 |  32.3
      Zot:5 |   40010 |   63235 |  61.2 |      25 |      19 |  43.2
    Abyss:1 |   43914 |    2783 |   6.0 |      81 |       2 |   2.4
    Abyss:2 |   68604 |       0 |   0.0 |     150 |       0 |   0.0
    Abyss:4 |  127463 |   26252 |  17.1 |     201 |      23 |  10.3
     Bailey |       0 |    2267 | 100.0 |       0 |      39 | 100.0
      IceCv |       0 |   11568 | 100.0 |       0 |      53 | 100.0
     WizLab |       0 |   14442 | 100.0 |       0 |      18 | 100.0
            +---------+---------+-------+---------+---------+-------
